 Dungeon Crawl Stone Soup version 0.19.1-1-g22dce08 (webtiles) character file.

154 esteth the Sneak (level 5, -7/35 HPs)
             Began as an Octopode Assassin on Jan 1, 2017.
             Killed by nerve-wracking pain
             ... invoked by Grinder
              (11 damage)
             ... on level 5 of the Dungeon.
             The game lasted 00:06:04 (2557 turns).

esteth the Sneak (Octopode Assassin)                Turns: 2557, Time: 00:06:05

Health: -7/35      AC:  1    Str: 10    XL:     5   Next: 35%
Magic:  5/5        EV: 13    Int: 13    God:
Gold:   117        SH:  0    Dex: 15    Spells: 0 memorised, 4 levels left

rFire  . . .     SeeInvis .     a - +2 dagger
rCold  . . .     Gourm    .     (no shield)
rNeg   . . .     Faith    .     (helmet restricted)
rPois  .         Spirit   .     (no amulet)
rElec  .         Reflect  .     (no ring)
rCorr  .         Harm     .     (no ring)
MR     .....                    (no ring)
Stlth  ++++......               (no ring)
                                (no ring)
                                (no ring)
                                (no ring)
                                (no ring)

@: no status effects
A: almost no armour, stealthy swim, amphibious, 8 rings, constrict 8, camouflage
1, gelatinous body 1
a: no special abilities


You were on level 5 of the Dungeon.
You were very hungry.

You visited 1 branch of the dungeon, and saw 5 of its levels.

You collected 117 gold pieces.

Inventory:

Hand Weapons
 a - a +2 dagger (weapon)
 b - a +0 blowgun
Missiles
 c - 5 poisoned needles
 d - 2 curare-tipped needles
Armour
 i - a +2 large shield
Scrolls
 g - 3 scrolls of magic mapping {unknown}
 h - a scroll of fear {unknown}
 j - a scroll of teleportation {unknown}
 n - a scroll of blinking {unknown}
 p - a scroll of remove curse {unknown}
 q - 4 scrolls of identify {unknown}
Potions
 e - a potion of brilliance {unknown}
 o - a potion of flight {unknown}
 r - 2 potions of haste {unknown}
 s - a potion of invisibility {unknown}
Comestibles
 f - a bread ration
 k - a slice of pizza
 l - 3 meat rations
 t - a beef jerky


   Skills:
 - Level 2.4 Fighting
 - Level 3.8 Short Blades
 - Level 2.4 Throwing
 + Level 1.6 Dodging
 - Level 6.6 Stealth


You had 4 spell levels left.
You didn't know any spells.

Dungeon Overview and Level Annotations

Branches:
Dungeon (5/15)
 Temple: D:4-7

Altars:
Sif Muna

Annotations:
D:4 Robin
D:5 Grinder


Innate Abilities, Weirdness & Mutations

You cannot wear most types of armour.
You are very stealthy in the water. (Stealth+)
You are amphibious.
You can wear up to eight rings at the same time.
You can use your tentacles to constrict eight enemies at once.
Your skin changes colour to match your surroundings (Stealth+).
Your rubbery body absorbs attacks. (AC +1, EV +1)


Message History

Firing (i - inventory. (,) - cycle):
c - 3 poisoned needles (quivered)
Press: ? - help, Shift-Dir - straight line, f - you Really target yourself?
Okay, then.
Wield which item (- for none, * to show all)? (? for menu, Esc to quit)
a - a +2 dagger (weapon)
You see here 2 poisoned needles.
c - 5 poisoned needles (gained 2)
You start resting.
You are too injured to fight recklessly!
You are too injured to fight recklessly!
You are too injured to fight recklessly!
Grinder gestures at you. You resist with significant effort.
You barely miss Grinder. You grab Grinder.
Grinder is almost dead.
You constrict Grinder. Grinder gestures at you. Pain shoots through your body!
You die...

#....# #....#
#....# ##### #....#
#...##
##....###...#.
#............>
#......##...#.
#######...(.##.....
#.@5((((.(#.##....#
##.###.##.........#
#.#.)..5.#.###.#.#
#(#<#.#........#..
#(#.#.#....##..#.#
#(#.#.#....#...#.#
#(#...#....#####.#
#(...............#
##################


You could see Grinder.

Vanquished Creatures
  A crimson imp (D:3)
  Ijyb (D:3)
  3 adders
  A worm (D:3)
  4 dart slugs
  An orc (D:3)
  4 bats
  2 giant cockroaches (D:1)
  11 goblins
  7 hobgoblins
  3 jackals (D:3)
  7 frilled lizards
  6 kobolds
  A leopard gecko skeleton (D:4)
  5 rats
57 creatures vanquished.

Notes
Turn   | Place    | Note
-------+----------+-------------------------------------------
     0 | D:1      | esteth the Octopode Assassin began the quest for the Orb.
     0 | D:1      | Reached XP level 1. HP: 14/14 MP: 1/1
   129 | D:1      | Reached XP level 2. HP: 16/19 MP: 2/2
   433 | D:2      | Reached XP level 3. HP: 25/25 MP: 3/3
   571 | D:2      | Reached skill level 6 in Stealth
  1241 | D:3      | Reached XP level 4. HP: 30/30 MP: 4/4
  1313 | D:3      | Noticed Ijyb
  1337 | D:3      | Killed Ijyb
  1679 | D:3      | Reached XP level 5. HP: 24/35 MP: 5/5
  2193 | D:4      | Found a deep blue altar of Sif Muna.
  2255 | D:4      | Noticed Robin
  2279 | D:5      | Entered Level 5 of the Dungeon
  2513 | D:5      | Noticed Grinder
  2534 | D:5      | Paralysed by Grinder for 5 turns
  2557 | D:5      | Killed from afar by Grinder

Skill      XL: |  1  2  3  4 |
---------------+-------------+-----
Stealth        | 6 |  6.6
Short Blades   | 3 |  3.8
Fighting       | |  2.4
Throwing       | |  2.4
Dodging        | |  1.6

Action                   |  1- 3 |  4- 6 || total
-------------------------+-------+-------++-------
Melee: Dagger            |    53 |    64 ||   117
       Constrict         |    11 |    16 ||    27
       Tentacles         |     3 |    10 ||    13
 Fire: Blowgun           |       |    28 ||    28
 Stab: Sleeping          |    16 |     5 ||    21
       Distracted        |       |     1 ||     1
  Eat: Chunk             |     1 |     3 ||     4
Armor: Skin              |     4 |     2 ||     6
Dodge: Dodged            |    15 |    31 ||    46
Block: Large shield      |     6 |       ||     6
